 Dungeon Crawl Stone Soup version 0.23-a0-386-g9c9d49f (webtiles) character file.

139 MisterFreud the Shooter (level 5, -1/42 HPs)
             Began as a Minotaur Wanderer on Oct 28, 2018.
             Was a Follower of Zin.
             Slain by a white imp (2 damage)
             ... summoned by Natasha
             ... on level 3 of the Dungeon.
             The game lasted 00:07:10 (1872 turns).

MisterFreud the Shooter (Minotaur Wanderer)         Turns: 1872, Time: 00:07:11

Health: -1/42      AC:  8    Str: 17    XL:     5   Next: 1%
Magic:  7/7        EV: 10    Int: 18    God:    Zin [*.....]
Gold:   117        SH:  0    Dex:  6    Spells: 8/8 levels left

rFire    . . .     SeeInvis .   g - -3 spear (curse)
rCold    . . .     Gourm    .   (no shield)
rNeg     . . .     Faith    .   c - +0 ring mail
rPois    +         Spirit   .   (helmet restricted)
rElec    .         Reflect  .   (no cloak)
rCorr    .         Harm     .   j - +2 pair of gloves
MR       .....                  (no boots)
Stlth    ..........             (no amulet)
HPRegen  0.14/turn              n - ring of poison resistance
MPRegen  0.10/turn              (no ring)

@: brilliant, slowed, very slow
A: retaliatory headbutt, horns 2
a: Recite, Donate Gold, Renounce Religion


You were on level 3 of the Dungeon.
You worshipped Zin.
Zin was aware of your devotion.
You were not hungry.

You visited 1 branch of the dungeon, and saw 3 of its levels.

You collected 130 gold pieces.
You donated 13 gold pieces to Zin.

Inventory:

Hand Weapons
 a - a +3 shortbow
 g - a cursed -3 spear (weapon)
 i - a +0 dagger of venom
Missiles
 b - 35 arrows
Armour
 c - a +0 ring mail (worn)
 e - a +0 large shield
 j - a +2 pair of gloves (worn)
Jewellery
 k - an uncursed ring of ice
 n - a ring of poison resistance (left hand)
Scrolls
 d - 2 scrolls of teleportation
 h - a scroll of blinking {unknown}
 m - 2 scrolls of enchant weapon
 p - 2 scrolls of identify
Potions
 q - a potion of mutation {unknown}
Comestibles
 f - 6 rations


   Skills:
 - Level 2.4 Fighting
 + Level 5.4 Bows
 - Level 1.0 Throwing
 - Level 2.4 Armour
 - Level 1.2 Shields
 - Level 2.1 Spellcasting


You had 8 spell levels left.
You didn't know any spells.
Your spell library was empty.

Dungeon Overview and Level Annotations

Branches:
Dungeon (3/15)

Altars:
Uskayaw
Zin

Annotations:
D:3 Natasha


Innate Abilities, Weirdness & Mutations

You reflexively headbutt those who attack you in melee.
You have a pair of horns on your head.


Message History

Natasha is lightly wounded.
Natasha stares at you and mumbles some strange words.
You resist with some effort.
The white imp hits you but does no damage.
The orc hits you from afar with a +0 trident.
* * * LOW HITPOINT WARNING * * *
It was a potion of brilliance.
You feel clever all of a sudden.
Natasha howls an incantation.
Natasha shimmers violently.
Natasha stares at you and mumbles some strange words.
You feel yourself slow down. The white imp hits you.
* * * LOW HITPOINT WARNING * * *
The white imp freezes you.
* * * LOW HITPOINT WARNING * * *
Natasha claws you but does no damage.
It was a potion of magic.
Magic courses through your body. The orc hits you but does no damage.
Natasha claws you but does no damage. The white imp hits you.
You die...

....########.#
# ##.##
##...##
#.....#
#.....#
#.....##
##.....##
##5##..# #@#
#.####
#h###....
#o##.....
###5##o##.#
#......#
#.##...# #.
#...# # ###)#
#...


You could see Natasha, a white imp, a shadow imp and an orc.

Vanquished Creatures
  Jessica (D:2)
  Natasha (D:3)
  4 adders (D:2)
  An ooze (D:1)
  2 worms (D:2)
  A leopard gecko (D:1)
  7 giant cockroaches
  5 goblins
  4 hobgoblins (D:1)
  6 bats
  3 frilled lizards (D:1)
  3 kobolds (D:1)
  6 rats
44 creatures vanquished.

Notes
Turn   | Place    | Note
-------+----------+-------------------------------------------
     0 | D:1      | MisterFreud the Minotaur Wanderer began the quest for the
                  | Orb.
     0 | D:1      | MisterFreud set off with the following items: a +2
                  | shortbow, 26 arrows, a +0 ring mail, a scroll of
                  | teleportation, a ration
     0 | D:1      | Reached XP level 1. HP: 18/18 MP: 2/2
    63 | D:1      | Reached skill level 2 in Bows
    71 | D:1      | Reached XP level 2. HP: 25/25 MP: 4/4
   420 | D:1      | Reached skill level 3 in Bows
   561 | D:1      | Reached XP level 3. HP: 30/30 MP: 5/5
   940 | D:2      | Found a glowing silver altar of Zin.
   996 | D:2      | Became a worshipper of Zin the Law-Giver
  1280 | D:2      | Reached skill level 4 in Bows
  1285 | D:2      | Reached * piety under Zin
  1466 | D:2      | Noticed Jessica
  1474 | D:2      | Killed Jessica
  1474 | D:2      | Reached XP level 4. HP: 27/37 MP: 6/6
  1578 | D:2      | Reached skill level 5 in Bows
  1590 | D:2      | Found a hide-covered altar of Uskayaw.
  1820 | D:3      | Noticed Natasha
  1832 | D:3      | Killed Natasha
  1832 | D:3      | Reached XP level 5. HP: 34/42 MP: 7/7
  1857 | D:3      | Noticed Natasha
  1871 | D:3      | HP: 1/42 [white imp[Natasha] (3)]
  1872 | D:3      | Slain by a white imp

Vault maps used:
D:1:      grunt_arrival_crossed_arrows
D:2:      zin_academy, eat_drink_and_be_merry_uskayaw, uniq_jessica
D:3:      serial_undead, serial_undead_a, serial_undead_e, serial_undead_e,
          serial_undead_f, serial_undead_a, serial_undead_b, minmay_distorted,
          uniq_natasha, uniq_sigmund

Skill      XL: |  1  2  3  4 |
---------------+-------------+-----
Bows           | 2 3 4 5 |  5.4
Fighting       | |  2.4
Throwing       | |  1.0
Armour         | |  2.4
Shields        | |  1.2
Spellcasting   | |  2.1

Action                   |  1- 3 |  4- 6 || total
-------------------------+-------+-------++-------
Melee: Unarmed           |    14 |       ||    14
       Headbutt          |    12 |     4 ||    16
       Spear             |    95 |    62 ||   157
 Fire: Shortbow          |    33 |       ||    33
  Use: Scroll            |     5 |       ||     5
       Potion            |       |     2 ||     2
  Eat: Chunk             |     2 |     1 ||     3
Armor: Ring mail         |    42 |    31 ||    73
Dodge: Dodged            |    57 |    41 ||    98

Table legend:
 A = Non-vault XP
 B = Vault XP
 C = Vault XP percentage of total XP
 D = Non-vault monster count
 E = Vault monster count
 F = Vault count percentage of total count
                 A         B        C        D         E       F
            +---------+---------+-------+---------+---------+-------
      Total |     127 |      72 |  36.2 |      42 |       2 |   4.5
            +---------+---------+-------+---------+---------+-------
        D:1 |      45 |       0 |   0.0 |      23 |       0 |   0.0
        D:2 |      81 |      37 |  31.4 |      18 |       1 |   5.3
        D:3 |       1 |      35 |  97.2 |       1 |       1 |  50.0
            +---------+---------+-------+---------+---------+-------
